Match 42497077
Unlisted

Match 42497077
End
Panzergrenadier Squad
Kradschützen Motorcycle Team
Selects Battlefield Espionage Battlegroup
Panzergrenadier Squad
Panzergrenadier Squad
Selects 250/3 Funkpanzerwagen
Construct Light Support Kompanie
2.5-tonne Medical Truck
Selects Intel Disruption Beacon
Selects Transfer Depots
Panzerpioneer Squad
Fire Support Elements
Pak 38 Anti-tank Gun Team
Veteran Squad Leaders
Selects 250/3 Funkpanzerwagen
Selects Advanced Ambush Training
Construct Panzerarmee Kommand
Assault Mechanized Group
Walking Stuka Rocket Launcher
Selects Firestorm
Panzer III L Medium Tank
Selects Operation Skorpion
Skyline
Dark Lord Cthulhu
pagep
7k this year for sure
0
0

Comments sign in to comment!

No comments posted yet!